 Dungeon Crawl Stone Soup version 0.27-a0-1066-g29160eaed2 (webtiles) character file.

Game seed: 2852743940109563369

79 LordDeathwing the Chopper (level 4, 0/40 HPs)
             Began as a Hill Orc Fighter on Apr 24, 2021.
             Killed from afar by an orc wizard (2 damage)
             ... with a magic dart
             ... on level 3 of the Dungeon.
             The game lasted 00:04:46 (2055 turns).

LordDeathwing the Chopper (Hill Orc Fighter)        Turns: 2055, Time: 00:04:46

Health: 0/40       AC:  7    Str: 19    XL:     4   Next: 37%
Magic:  4/4        EV:  8    Int:  8    God:
Gold:   81         SH:  9    Dex: 10    Spells: 3/3 levels left

rFire    . . .     SeeInvis .   a - +0 war axe
rCold    . . .     Faith    .   c - +0 kite shield
rNeg     . . .     Spirit   .   b - +0 scale mail
rPois    .         Reflect  .   (no helmet)
rElec    .         Harm     .   (no cloak)
rCorr    .         Rampage  .   (no gloves)
Will     .....                  (no boots)
Stlth    +.........             (no amulet)
HPRegen  0.13/turn              (no ring)
MPRegen  0.09/turn              (no ring)

@: hasted, very quick
A: wild magic 1, sturdy frame 1
a: no special abilities


You were on level 3 of the Dungeon.
You visited 1 branch of the dungeon, and saw 3 of its levels.

You collected 81 gold pieces.

Inventory:

Hand Weapons
 a - a +0 war axe (weapon)
Armour
 b - a +0 scale mail (worn)
 c - a +0 kite shield (worn)
Scrolls
 f - 2 scrolls of enchant weapon {unknown}
 i - 2 scrolls of identify {unknown}
 j - a scroll of teleportation {unknown}
 l - a scroll of fog {unknown}
Potions
 d - a potion of might
 e - a potion of degeneration {unknown}
 g - a potion of mutation
 h - a potion of haste
 k - a potion of curing {unknown}


   Skills:
 + Level 4.0 Fighting
 * Level 4.2 Axes
 + Level 3.7 Armour
 + Level 1.0 Stealth
 + Level 3.7 Shields


You had 3 spell levels left.
You didn't know any spells.
Your spell library was empty.

Dungeon Overview and Level Annotations

Branches:
Dungeon (3/15)

Altars:

Shops:
D:2 (


Innate Abilities, Weirdness & Mutations

Your spells are a little harder to cast, but a little more powerful.
Your movements are slightly less encumbered by armour. (ER -2)


Message History

Something hits you but does no damage. The orc hits you but does no damage.
You completely miss something. You miss the orc.
Something hits you but does no damage. The orc hits you but does no damage.
Something hits you.
You bump into the rock wall.
The orc hits you but does no damage. Something hits you.
You completely miss something. You barely miss the orc.
The orc hits you but does no damage.
You hear some strange, mumbled words.
A puff of flame appears from out of thin air!
The puff of flame hits you! The orc barely misses you.
You bump into the rock wall.
You feel less confused. Something hits you but does no damage.
The orc barely misses you.
You miss something. You hit the orc. Something hits you.
* * * LOW HITPOINT WARNING * * *
The orc hits you with a +0 flail.
* * * LOW HITPOINT WARNING * * *
Something hits you but does no damage.
It was a potion of mutation.
You feel extremely strange.
You feel stupid.
You feel less in control of your magic.
You feel clever.
You feel less encumbered by your armour.
The orc hits you but does no damage. Something hits you but does no damage.
It was a potion of haste.
You feel yourself speed up. The orc closely misses you.
You hear some strange, mumbled words.
A puff of flame appears from out of thin air!
The puff of flame hits you.
* * * LOW HITPOINT WARNING * * *
You hit the orc.
You kill the orc!
You hit something but do no damage.
You hear some strange, mumbled words.
Something tries to affect you, but you resist.
You barely miss the rat. You miss something. The rat bites you.
* * * LOW HITPOINT WARNING * * *
You hear some strange, mumbled words.
A magic dart appears from out of thin air!
The magic dart hits you.
You die...

### #.#.# #. #.#.# #.
#.#.# #. #.#.# #.
#.#.# ######. #...#
#...... ##..#
#......#######..#
#........#.######.###
#.... ##.........#
###. .######..or....
# #.###.... #.. .#.
#.# # #.. #.#


You could see an orc and a rat.

Vanquished Creatures
  An adder (D:3)
  2 worms
  A dart slug (D:1)
  An orc (D:3)
  3 endoplasms
  2 giant cockroaches
  3 goblins
  5 hobgoblins (D:1)
  8 jackals
  5 kobolds
  6 quokkas
  4 ball pythons
  9 bats
  3 frilled lizards
  3 rats
56 creatures vanquished.

Vanquished Creatures (others)
  2 plants (D:2)
2 creatures vanquished.

Grand Total: 58 creatures vanquished

Notes
Turn   | Place    | Note
-------+----------+-------------------------------------------
     0 | D:1      | LordDeathwing the Hill Orc Fighter began the quest for the
                  | Orb.
     0 | D:1      | Reached XP level 1. HP: 19/19 MP: 1/1
   150 | D:1      | Reached XP level 2. HP: 27/27 MP: 2/2
   341 | D:1      | Reached XP level 3. HP: 33/33 MP: 3/3
   983 | D:2      | Found a faded altar of an unknown god.
  1030 | D:2      | Found Wyxzoem's Antique Weapon Shop.
  1567 | D:3      | Reached XP level 4. HP: 40/40 MP: 4/4
  1593 | D:3      | Reached skill level 1 in Stealth
  2052 | D:3      | Gained mutation: You are dopey. (Int -2) [potion of
                  | mutation]
  2052 | D:3      | Gained mutation: Your spells are a little harder to cast,
                  | but a little more powerful. [potion of mutation]
  2052 | D:3      | Lost mutation: You are dopey. (Int -2) [potion of mutation]
  2052 | D:3      | Gained mutation: Your movements are slightly less
                  | encumbered by armour. (ER -2) [potion of mutation]
  2055 | D:3      | HP: 2/40 [rat (1)]
  2055 | D:3      | Killed from afar by an orc wizard

Illustrated notes

Levels and vault maps discovered:
D:1:      lemuel_arrival_river_ford, layout_loops_ring
D:2:      layout_rooms, serial_shops, nicolae_shop_overgrown_old_shop,
          hellmonk_ecumenical_altar_run_dry
D:3:      layout_loops_ring, uniq_grinder

Skill      XL: |  1  2  3  4 |
---------------+-------------+-----
Axes           | 3 4 |  4.2
Fighting       | 4 |  4.0
Stealth        | 1 |  1.0
Armour         | |  3.7
Shields        | |  3.7

Action                   |  1- 3 |  4- 6 || total
-------------------------+-------+-------++-------
Melee: War axe           |   116 |    45 ||   161
  Use: Potion            |       |     2 ||     2
Armor: Scale mail        |    67 |    52 ||   119
Dodge: Dodged            |    55 |    20 ||    75
Block: Kite shield       |    64 |    25 ||    89

Table legend: (Time is in decaauts)
 A = Elapsed time spent in this place.
 B = Non-inter-level travel time spent in this place.
 C = Inter-level travel time spent in this place.
 D = Time resting spent in this place.
 E = Time spent auto-exploring this place.
 F = Levels seen in this place.
 G = Mean time per level.
                   A        B        C        D        E       F      G
               +--------+--------+--------+--------+--------+-----+--------+
         Total |   2148 |   2111 |     37 |    216 |   1422 |   3 |  716.0 |
       Dungeon |   2148 |   2111 |     37 |    216 |   1422 |   3 |  716.0 |
               +--------+--------+--------+--------+--------+-----+--------+

Top non-repeatable levels by time:
     D:1: 947 daAuts
     D:2: 648 daAuts
     D:3: 552 daAuts
